Senators vs Demolitions
(R1)
Created - November 8, 2019 at 23:35
Goals
|
Senators |
1 |
0 |
2 |
3 |
Demolitions |
2 |
1 |
2 |
5 |
|
Shots
|
Senators |
7 |
6 |
8 |
21 |
Demolitions |
17 |
15 |
8 |
40 |
|
1st period
1. Demolitions , Spencer Machacek 7 (Darren Helm 6, Daultan Leveillé 11) at 5:09
2. Senators , Zemgus Girgensons 4 (Matt Frattin 9) at 11:44 (PP)
3. Demolitions , Darren Helm 6 (Cameron Schilling 2, Jonathan Blum 8) at 17:45
Penalties :
Andrej Nestrasil (Vic) for Roughing (Minor) at 10:55
2nd period
4. Demolitions , Andrej Nestrasil 3 (Jake Muzzin 4) at 19:25
Penalties :
Adam Ollas-Mattsson (BIN) for Diving (Minor) at 1:20, Robert Bortuzzo (Vic) for Roughing (Minor) at 14:48
3rd period
5. Demolitions , Darren Helm 7 (Jonathan Blum 9, Spencer Machacek 10) at 1:55
6. Senators , Jan Mursak 6 (Dylan Blujus 5) at 2:07
7. Senators , Andy Andreoff 4 (Michal Repik 5, Blake Coleman 1) at 12:59
8. Demolitions , Spencer Machacek 8 (Jonathan Blum 10, Darren Helm 7) at 19:47 (PP)
Penalties :
Patrick Maroon (BIN) for Tripping (Minor) at 3:58, Nick Shore (Vic) for Holding Stick (Minor) at 4:43, Robert Bortuzzo (Vic) for Tripping (Minor) at 8:57, Jack Dougherty (BIN) for Roughing (Minor) at 15:29, Nick Foligno (BIN) for Tripping (Minor) at 17:50
Goalie Stats
Justin Peters (BIN), 35 saves from 40 shots - (0.875), L, 4-2-0, 60:00 minutes
Antti Raanta (Vic), 18 saves from 21 shots - (0.857), W, 4-0-0, 60:00 minutes
Players Stats for Senators
Player Name G A P +/- PIM S H SB GA TA FO MP PP MP PK MP
------------------------------------------------------------------------------------
Adam Ollas-Mattsson 0 0 0 0 2 0 1 3 0 1 0/0 12:24 0:00 0:40
Andy Andreoff 1 0 1 0 0 1 3 0 0 0 0/0 12:41 0:00 2:13
Blake Coleman 0 1 1 0 0 0 1 0 0 0 5/10 10:05 0:00 0:00
Brett Bulmer 0 0 0 0 0 0 0 0 0 0 0/0 0:38 0:25 0:00
Chandler Stephenson 0 0 0 1 0 1 2 1 0 1 1/13 14:52 2:27 0:07
Dylan Blujus 0 1 1 0 0 1 2 4 0 0 0/0 20:30 1:36 2:10
Grant Besse 0 0 0 -1 0 1 0 0 0 0 0/0 7:12 0:00 0:00
Jack Dougherty 0 0 0 0 2 0 3 1 0 1 0/0 19:21 1:36 1:14
Jan Mursak 1 0 1 1 0 4 0 1 0 1 0/0 19:26 2:27 3:41
Keegan Lowe 0 0 0 -2 0 1 2 2 0 2 0/0 28:02 3:56 4:30
Mason Geertsen 0 0 0 0 0 1 0 0 0 0 0/0 12:02 0:00 0:16
Matt Frattin 0 1 1 -2 0 2 2 1 1 1 1/1 20:27 2:40 0:48
Maxim Letunov 0 0 0 -1 0 0 0 0 0 0 2/3 7:12 0:00 0:00
Michal Repik 0 1 1 0 0 3 1 0 0 0 0/0 10:05 0:00 0:00
Nick Foligno 0 0 0 -2 2 1 2 2 0 1 5/11 23:19 2:56 3:01
Patrick Maroon 0 0 0 -1 2 0 1 0 1 0 1/2 9:49 0:25 2:07
Scott Harrington 0 0 0 -2 0 0 2 1 0 1 0/0 28:02 3:56 4:30
Tomas Jurco 0 0 0 1 0 2 0 0 1 0 0/0 14:45 2:27 0:00
Warren Foegele 0 0 0 0 0 0 0 0 0 0 0/0 0:35 0:09 0:10
Zemgus Girgensons 1 0 1 -2 0 3 2 2 1 1 9/25 20:35 2:40 1:13
Players Stats for Demolitions
Player Name G A P +/- PIM S H SB GA TA FO MP PP MP PK MP
------------------------------------------------------------------------------------
Aaron Palushaj 0 0 0 1 0 1 2 0 0 0 0/0 9:44 0:11 0:00
Alex Hutchings 0 0 0 -1 0 1 0 0 0 0 0/0 8:56 0:18 0:56
Andrej Nestrasil 1 0 1 1 2 3 0 0 0 0 3/5 11:54 0:07 1:53
Cameron Schilling 0 1 1 2 0 1 2 1 2 0 0/0 29:52 3:55 3:14
Colton Gillies 0 0 0 -1 0 3 3 0 1 2 5/9 15:37 2:02 0:00
Darren Helm 2 2 4 3 0 3 1 0 1 0 6/7 23:40 4:10 3:06
Daultan Leveillé 0 1 1 2 0 1 1 0 0 0 13/27 13:48 1:15 0:33
J.T. Brown 0 0 0 -1 0 6 0 0 1 0 0/0 17:40 2:12 1:30
Jake Muzzin 0 1 1 0 0 0 1 0 0 0 0/0 18:19 2:45 1:57
Jared Staal 0 0 0 -1 0 2 0 0 0 0 0/0 7:35 0:00 0:00
Jonathan Blum 0 3 3 2 0 1 2 1 1 1 0/0 26:23 3:55 3:35
Lane MacDermid 0 0 0 -1 0 4 3 0 0 0 0/0 15:37 2:02 0:00
Michael Prapavessis 0 0 0 0 0 0 0 0 0 0 0/0 3:51 0:00 0:00
Mitch Callahan 0 0 0 0 0 0 0 0 0 0 0/0 1:36 1:01 0:00
Nick Shore 0 0 0 1 2 1 0 0 0 0 7/9 6:12 2:31 0:00
Nikita Tryamkin 0 0 0 0 0 1 0 2 1 0 0/0 18:19 2:45 1:57
Phil Di Giuseppe 0 0 0 1 0 0 3 0 0 0 0/0 9:33 0:00 0:00
Phil McRae 0 0 0 -1 0 1 1 1 0 0 2/2 7:35 0:00 0:00
Robert Bortuzzo 0 0 0 0 4 1 1 0 0 0 0/0 11:30 0:00 0:00
Spencer Machacek 2 1 3 3 0 9 3 1 3 1 5/6 23:40 4:10 3:06
Taylor Aronson 0 0 0 0 0 1 1 0 0 0 0/0 11:49 0:00 0:21
3 Stars
1 - Darren Helm (Vic)
2 - Spencer Machacek (Vic)
3 - Jonathan Blum (Vic)
Power Play
Senators - 1 on 4 Attempt(s) - 25.00%
Demolitions - 1 on 4 Attempt(s) - 25.00%
Penalty Kill
Senators - 3 on 4 Attempt(s) - 75.00%
- Score 0 goal in Penalty Kill
Demolitions - 3 on 4 Attempt(s) - 75.00%
- Score 0 goal in Penalty Kill
Team Stat
Senators - Hits : 24 - Faceoff Wins : 24 - Blocked Shots : 18 - Penalty Minutes : 8
Demolitions - Hits : 24 - Faceoff Wins : 41 - Blocked Shots : 6 - Penalty Minutes : 8
Official
Referees : Unknown
Linesman : Unknown
Game Notes
Daultan Leveillé is injured at 0:47 of 3rd period (Lacerated Left Calf)
Finance
Level 1 -- Attendance: 1599 (79.95%) -- Ticket Income $41,574
Level 2 -- Attendance: 729 (72.90%) -- Ticket Income $6,561
Total Attendance: 2328 (77.60%)
Total Ticket Income: $48,135
Other Income: $2,407
Total Income: $50,542
Senators
5 vs 5 Forward
Center Left Wing Right Wing Time % Phy DF OF
1 Zemgus Girgensons Nick Foligno Matt Frattin 40 1 2 2
2 Chandler Stephenson Jan Mursak Tomas Jurco 30 1 2 2
3 Blake Coleman Andy Andreoff Michal Repik 20 1 2 2
4 Maxim Letunov Patrick Maroon Grant Besse 10 1 2 2
5 vs 5 Defense
Defense Defense Time % Phy DF OF
1 Scott Harrington Keegan Lowe 40 1 2 2
2 Dylan Blujus Jack Dougherty 30 1 2 2
3 Mason Geertsen Adam Ollas-Mattsson 20 1 2 2
4 Scott Harrington Keegan Lowe 10 1 2 2
PowerPlay Forward
Center Left Wing Right Wing Time % Phy DF OF
1 Zemgus Girgensons Nick Foligno Matt Frattin 60 1 2 2
2 Chandler Stephenson Jan Mursak Tomas Jurco 40 1 2 2
PowerPlay Defense
Defense Defense Time % Phy DF OF
1 Scott Harrington Keegan Lowe 60 1 2 2
2 Dylan Blujus Jack Dougherty 40 1 2 2
Penalty Kill 4 Players Forward
Center Wing Time % Phy DF OF
1 Nick Foligno Jan Mursak 60 1 2 2
2 Matt Frattin Andy Andreoff 40 1 2 2
Penalty Kill 4 Players Defense
Defense Defense Time % Phy DF OF
1 Scott Harrington Keegan Lowe 60 1 2 2
2 Dylan Blujus Jack Dougherty 40 1 2 2
Penalty Kill - 3 Players Forward
Forward Time % Phy DF OF
1 Nick Foligno 60 1 2 2
2 Jan Mursak 40 1 2 2
Penalty Kill - 3 Players Defense
Defense Defense Time % Phy DF OF
1 Scott Harrington Keegan Lowe 60 1 2 2
2 Dylan Blujus Jack Dougherty 40 1 2 2
4 vs 4 Forward
Center Wing Time % Phy DF OF
1 Nick Foligno Jan Mursak 60 1 2 2
2 Matt Frattin Andy Andreoff 40 1 2 2
4 vs 4 Defense
Defense Defense Time % Phy DF OF
1 Scott Harrington Keegan Lowe 60 1 2 2
2 Dylan Blujus Jack Dougherty 40 1 2 2
Last Minutes Offensive
Center Left Wing Right Wing Defense Defense
Zemgus Girgensons Nick Foligno Matt Frattin Scott Harrington Keegan Lowe
Last Minutes Defensive
Center Left Wing Right Wing Defense Defense
Zemgus Girgensons Nick Foligno Matt Frattin Scott Harrington Keegan Lowe
Goaltenders
Starting : Justin Peters
Backup : Stephon Williams
Extra Forwards
Normal : Brett Bulmer, Warren Foegele, Patrick Maroon - PP : Brett Bulmer, Warren Foegele - PK : Patrick Maroon
Extra Defensemen
Normal : Mason Geertsen, Adam Ollas-Mattsson, Dylan Blujus - PP : Mason Geertsen - PK : Adam Ollas-Mattsson, Dylan Blujus
Penalty Shots
Nick Foligno, Jan Mursak, Matt Frattin, Andy Andreoff, Tomas Jurco
Scratches
Jake Evans (Back Surgery Injury)
Demolitions
5 vs 5 Forward
Center Left Wing Right Wing Time % Phy DF OF
1 Daultan Leveillé Darren Helm Spencer Machacek 51 1 2 2
2 Colton Gillies Lane MacDermid J.T. Brown 34 1 2 2
3 Andrej Nestrasil Phil Di Giuseppe Aaron Palushaj 10 1 2 2
4 Phil McRae Alex Hutchings Jared Staal 5 1 2 2
5 vs 5 Defense
Defense Defense Time % Phy DF OF
1 Cameron Schilling Jonathan Blum 40 1 2 2
2 Jake Muzzin Nikita Tryamkin 30 1 2 2
3 Robert Bortuzzo Taylor Aronson 20 1 2 2
4 Michael Prapavessis Cameron Schilling 10 1 2 2
PowerPlay Forward
Center Left Wing Right Wing Time % Phy DF OF
1 Daultan Leveillé Darren Helm Spencer Machacek 60 1 2 2
2 Colton Gillies Lane MacDermid J.T. Brown 40 1 2 2
PowerPlay Defense
Defense Defense Time % Phy DF OF
1 Cameron Schilling Jonathan Blum 60 1 2 2
2 Jake Muzzin Nikita Tryamkin 40 1 2 2
Penalty Kill 4 Players Forward
Center Wing Time % Phy DF OF
1 Darren Helm Spencer Machacek 60 1 2 2
2 Daultan Leveillé J.T. Brown 40 1 2 2
Penalty Kill 4 Players Defense
Defense Defense Time % Phy DF OF
1 Cameron Schilling Jonathan Blum 60 1 2 2
2 Jake Muzzin Nikita Tryamkin 40 1 2 2
Penalty Kill - 3 Players Forward
Forward Time % Phy DF OF
1 Darren Helm 60 1 2 2
2 Spencer Machacek 40 1 2 2
Penalty Kill - 3 Players Defense
Defense Defense Time % Phy DF OF
1 Cameron Schilling Jonathan Blum 60 1 2 2
2 Jake Muzzin Nikita Tryamkin 40 1 2 2
4 vs 4 Forward
Center Wing Time % Phy DF OF
1 Darren Helm Spencer Machacek 60 1 2 2
2 Daultan Leveillé J.T. Brown 40 1 2 2
4 vs 4 Defense
Defense Defense Time % Phy DF OF
1 Cameron Schilling Jonathan Blum 60 1 2 2
2 Jake Muzzin Nikita Tryamkin 40 1 2 2
Last Minutes Offensive
Center Left Wing Right Wing Defense Defense
Daultan Leveillé Darren Helm Spencer Machacek Cameron Schilling Jonathan Blum
Last Minutes Defensive
Center Left Wing Right Wing Defense Defense
Daultan Leveillé Darren Helm Spencer Machacek Cameron Schilling Jonathan Blum
Goaltenders
Starting : Antti Raanta
Backup : Brandon Halverson
Extra Forwards
Normal : Nick Shore, Mitch Callahan, Andrej Nestrasil - PP : Nick Shore, Mitch Callahan - PK : Andrej Nestrasil
Extra Defensemen
Normal : Robert Bortuzzo, Taylor Aronson, Michael Prapavessis - PP : Robert Bortuzzo - PK : Taylor Aronson, Michael Prapavessis
Penalty Shots
Darren Helm, Spencer Machacek, Daultan Leveillé, J.T. Brown, Lane MacDermid
Scratches
Ryan Olsen (Healthy), Thomas DiPauli (Healthy), Taylor Leier (Healthy), Colton Sceviour (Healthy), Michael Bunting (Healthy)
Nick Pryor (Healthy), Jaedon Descheneau (Healthy), Jake Paterson (Healthy), Francois Tremblay (Healthy)
% Time on Ice - Senators
Lines # - Real PCT - Wanted PCT - Time Play
Normal Forward
1 - 36% - 40% - 16:59
2 - 26% - 30% - 12:18
3 - 22% - 20% - 10:05
4 - 15% - 10% - 7:12
Normal Defense
1 - 36% - 40% - 16:52
2 - 35% - 30% - 16:11
3 - 25% - 20% - 11:28
4 - 4% - 10% - 2:03
PP Forward
1 - 56% - 60% - 3:05
2 - 44% - 40% - 2:27
PP Defense
1 - 71% - 60% - 3:56
2 - 29% - 40% - 1:36
PK Forward
1 - 88% - 60% - 5:52
2 - 12% - 40% - 0:48
PK Defense
1 - 68% - 60% - 4:30
2 - 33% - 40% - 2:10
PK3 Forward
1 - 0% - 60%
2 - 0% - 40%
PK3 Defense
1 - 0% - 60%
2 - 0% - 40%
44 Forward
1 - 69% - 60% - 0:51
2 - 31% - 40% - 0:23
44 Defense
1 - 55% - 60% - 0:41
2 - 45% - 40% - 0:33
Last Minute Offensive - 0:00
Last Minute Defensive - 0:00
Total
Forward - 60:00
Defense - 60:00
|
% Time on Ice - Demolitions
Lines # - Real PCT - Wanted PCT - Time Play
Normal Forward
1 - 34% - 51% - 15:47
2 - 29% - 34% - 13:39
3 - 21% - 10% - 9:33
4 - 16% - 5% - 7:35
Normal Defense
1 - 39% - 40% - 18:01
2 - 28% - 30% - 13:15
3 - 25% - 20% - 11:27
4 - 8% - 10% - 3:51
PP Forward
1 - 70% - 60% - 4:38
2 - 31% - 40% - 2:02
PP Defense
1 - 59% - 60% - 3:55
2 - 41% - 40% - 2:45
PK Forward
1 - 73% - 60% - 4:02
2 - 27% - 40% - 1:30
PK Defense
1 - 65% - 60% - 3:35
2 - 35% - 40% - 1:57
PK3 Forward
1 - 0% - 60%
2 - 0% - 40%
PK3 Defense
1 - 0% - 60%
2 - 0% - 40%
44 Forward
1 - 74% - 60% - 0:55
2 - 26% - 40% - 0:19
44 Defense
1 - 70% - 60% - 0:52
2 - 30% - 40% - 0:22
Last Minute Offensive - 0:00
Last Minute Defensive - 0:00
Total
Forward - 60:00
Defense - 60:00
|
Play-by-Play
1st period
0:01 of 1st period - Zemgus Girgensons wins face-off versus Daultan Leveillé in neutral zone.
0:36 of 1st period - Wrist shot by Andrej Nestrasil.
0:36 of 1st period - Stopped by Justin Peters without a rebound.
0:37 of 1st period - Colton Gillies wins face-off versus Chandler Stephenson in Senators zone.
0:42 of 1st period - Wrist shot by Lane MacDermid.
0:42 of 1st period - Shot Misses the Net.
0:44 of 1st period - Slapshot by Taylor Aronson.
0:44 of 1st period - Shot Blocked by Dylan Blujus.
0:46 of 1st period - Slapshot by J.T. Brown.
0:46 of 1st period - Stopped by Justin Peters without a rebound.
0:47 of 1st period - Colton Gillies wins face-off versus Chandler Stephenson in Senators zone.
0:48 of 1st period - Wrist shot by J.T. Brown.
0:48 of 1st period - Stopped by Justin Peters with a rebound.
0:50 of 1st period - Slapshot by Taylor Aronson.
0:50 of 1st period - Stopped by Justin Peters with a rebound.
0:52 of 1st period - Snap shot by Colton Gillies.
0:52 of 1st period - Stopped by Justin Peters with a rebound.
0:54 of 1st period - Snap shot by Lane MacDermid.
0:54 of 1st period - Stopped by Justin Peters without a rebound.
0:55 of 1st period - Daultan Leveillé wins face-off versus Blake Coleman in Senators zone.
0:58 of 1st period - Slapshot by Spencer Machacek.
0:58 of 1st period - Stopped by Justin Peters without a rebound.
0:59 of 1st period - Blake Coleman wins face-off versus Daultan Leveillé in Senators zone.
0:59 of 1st period - Blake Coleman is hit by Spencer Machacek.
1:13 of 1st period - Adam Ollas-Mattsson is hit by Spencer Machacek and loses puck.
1:32 of 1st period - Wrist shot by Alex Hutchings.
1:32 of 1st period - Shot Blocked by Adam Ollas-Mattsson.
1:34 of 1st period - Wrist shot by Phil McRae.
1:34 of 1st period - Deflect By Jared Staal.
1:34 of 1st period - Stopped by Justin Peters with a rebound.
1:36 of 1st period - Backhand shot by Phil McRae.
1:36 of 1st period - Shot Blocked by Adam Ollas-Mattsson.
1:48 of 1st period - Wrist shot by Lane MacDermid.
1:48 of 1st period - Stopped by Justin Peters with a rebound.
2:57 of 1st period - Tomas Jurco is hit by Robert Bortuzzo.
3:22 of 1st period - Slapshot by Phil McRae.
3:22 of 1st period - Shot Misses the Net.
3:24 of 1st period - Slapshot by Robert Bortuzzo.
3:24 of 1st period - Stopped by Justin Peters with a rebound.
3:28 of 1st period - Wrist shot by Phil McRae.
3:28 of 1st period - Shot Blocked by Chandler Stephenson.
3:48 of 1st period - Wrist shot by Jan Mursak.
3:48 of 1st period - Shot Misses the Net.
4:22 of 1st period - Snap shot by Jan Mursak.
4:22 of 1st period - Stopped by Antti Raanta with a rebound.
4:55 of 1st period - Wrist shot by Phil McRae.
4:55 of 1st period - Deflect By Alex Hutchings.
4:55 of 1st period - Shot Misses the Net.
4:55 of 1st period - Puck is out of play.
4:56 of 1st period - Zemgus Girgensons wins face-off versus Daultan Leveillé in Senators zone.
5:07 of 1st period - Snap shot by Darren Helm.
5:07 of 1st period - Shot Blocked by Zemgus Girgensons.
5:09 of 1st period - Snap shot by Spencer Machacek.
5:09 of 1st period - Goal by Spencer Machacek - Senators : 0 - Demolitions : 1.
5:10 of 1st period - Daultan Leveillé wins face-off versus Nick Foligno in neutral zone.
5:13 of 1st period - Snap shot by Spencer Machacek.
5:13 of 1st period - Shot Misses the Net.
5:37 of 1st period - Off-side.
5:38 of 1st period - Blake Coleman wins face-off versus Colton Gillies in neutral zone.
6:03 of 1st period - Daultan Leveillé is hit by Adam Ollas-Mattsson and loses puck.
6:49 of 1st period - Wrist shot by J.T. Brown.
6:49 of 1st period - Stopped by Justin Peters without a rebound.
6:50 of 1st period - Colton Gillies wins face-off versus Nick Foligno in Senators zone.
7:11 of 1st period - Scott Harrington is hit by Jonathan Blum and loses puck.
7:45 of 1st period - Wrist shot by Colton Gillies.
7:45 of 1st period - Shot Misses the Net.
7:47 of 1st period - Snap shot by J.T. Brown.
7:47 of 1st period - Shot Blocked by Nick Foligno.
7:49 of 1st period - Wrist shot by Lane MacDermid.
7:49 of 1st period - Stopped by Justin Peters with a rebound.
8:18 of 1st period - Snap shot by J.T. Brown.
8:18 of 1st period - Shot Misses the Net.
8:20 of 1st period - Snap shot by Lane MacDermid.
8:20 of 1st period - Shot Misses the Net.
8:22 of 1st period - Snap shot by Jake Muzzin.
8:22 of 1st period - Deflect By Lane MacDermid.
8:22 of 1st period - Stopped by Justin Peters with a rebound.
8:52 of 1st period - Snap shot by J.T. Brown.
8:52 of 1st period - Stopped by Justin Peters without a rebound.
8:53 of 1st period - Blake Coleman wins face-off versus Daultan Leveillé in Senators zone.
9:27 of 1st period - Slapshot by Patrick Maroon.
9:27 of 1st period - Shot Blocked by Nikita Tryamkin.
9:45 of 1st period - Jack Dougherty is hit by Phil McRae.
9:57 of 1st period - Spencer Machacek is hit by Andy Andreoff and loses puck.
10:27 of 1st period - Snap shot by Phil McRae.
10:27 of 1st period - Shot Misses the Net.
10:47 of 1st period - Slapshot by Dylan Blujus.
10:47 of 1st period - Deflect By Andrej Nestrasil.
10:47 of 1st period - Stopped by Antti Raanta without a rebound.
10:48 of 1st period - Blake Coleman wins face-off versus Andrej Nestrasil in Demolitions zone.
10:53 of 1st period - Snap shot by Michal Repik.
10:53 of 1st period - Stopped by Antti Raanta with a rebound.
10:55 of 1st period - Minor Penalty to Andrej Nestrasil for Roughing.
10:56 of 1st period - Darren Helm wins face-off versus Chandler Stephenson in Demolitions zone.
11:09 of 1st period - Slapshot by Tomas Jurco.
11:09 of 1st period - Deflect By Jonathan Blum.
11:09 of 1st period - Stopped by Antti Raanta without a rebound.
11:10 of 1st period - Darren Helm wins face-off versus Chandler Stephenson in Demolitions zone.
11:44 of 1st period - Wrist shot by Zemgus Girgensons.
11:44 of 1st period - Goal by Zemgus Girgensons - Senators : 1 - Demolitions : 1.
11:45 of 1st period - Zemgus Girgensons wins face-off versus Daultan Leveillé in neutral zone.
11:50 of 1st period - Wrist shot by Matt Frattin.
11:50 of 1st period - Shot Misses the Net.
11:54 of 1st period - Snap shot by Nick Foligno.
11:54 of 1st period - Shot Misses the Net.
12:10 of 1st period - Cameron Schilling is hit by Keegan Lowe.
12:38 of 1st period - Slapshot by Phil Di Giuseppe.
12:38 of 1st period - Deflect By Andrej Nestrasil.
12:38 of 1st period - Shot Misses the Net.
12:38 of 1st period - Puck is out of play.
12:39 of 1st period - Zemgus Girgensons wins face-off versus Daultan Leveillé in Senators zone.
13:30 of 1st period - Wrist shot by Aaron Palushaj.
13:30 of 1st period - Shot Blocked by Dylan Blujus.
13:32 of 1st period - Slapshot by Jake Muzzin.
13:32 of 1st period - Shot Misses the Net.
13:34 of 1st period - Snap shot by Andrej Nestrasil.
13:34 of 1st period - Stopped by Justin Peters without a rebound.
13:35 of 1st period - Zemgus Girgensons wins face-off versus Daultan Leveillé in Senators zone.
13:46 of 1st period - Snap shot by Matt Frattin.
13:46 of 1st period - Stopped by Antti Raanta with a rebound.
14:00 of 1st period - Wrist shot by Andrej Nestrasil.
14:00 of 1st period - Shot Blocked by Nick Foligno.
14:03 of 1st period - Icing by Jack Dougherty.
14:04 of 1st period - Andrej Nestrasil wins face-off versus Zemgus Girgensons in Senators zone.
14:25 of 1st period - Jack Dougherty is hit by Phil Di Giuseppe and loses puck.
14:38 of 1st period - Robert Bortuzzo is hit by Matt Frattin and loses puck.
15:09 of 1st period - Off-side.
15:10 of 1st period - Daultan Leveillé wins face-off versus Chandler Stephenson in neutral zone.
15:35 of 1st period - Jonathan Blum is hit by Andy Andreoff and loses puck.
15:54 of 1st period - Wrist shot by Patrick Maroon.
15:54 of 1st period - Shot Blocked by Phil McRae.
16:15 of 1st period - Tomas Jurco is hit by Jake Muzzin and loses puck.
16:56 of 1st period - Snap shot by Michal Repik.
16:56 of 1st period - Deflect By Grant Besse.
16:56 of 1st period - Stopped by Antti Raanta without a rebound.
16:57 of 1st period - Phil McRae wins face-off versus Maxim Letunov in Demolitions zone.
17:19 of 1st period - Wrist shot by Phil McRae.
17:19 of 1st period - Shot Misses the Net.
17:21 of 1st period - Snap shot by Jared Staal.
17:21 of 1st period - Shot Blocked by Dylan Blujus.
17:31 of 1st period - Icing by Dylan Blujus.
17:32 of 1st period - Maxim Letunov wins face-off versus Daultan Leveillé in Senators zone.
17:45 of 1st period - Snap shot by Darren Helm.
17:45 of 1st period - Goal by Darren Helm - Senators : 1 - Demolitions : 2.
17:46 of 1st period - Daultan Leveillé wins face-off versus Zemgus Girgensons in neutral zone.
18:04 of 1st period - Keegan Lowe is hit by Cameron Schilling and loses puck.
18:43 of 1st period - Wrist shot by Andy Andreoff.
18:43 of 1st period - Deflect By Michal Repik.
18:43 of 1st period - Shot Blocked by Nikita Tryamkin.
18:43 of 1st period - Puck is out of play.
18:44 of 1st period - Daultan Leveillé wins face-off versus Zemgus Girgensons in Demolitions zone.
19:29 of 1st period - Backhand shot by Michal Repik.
19:29 of 1st period - Shot Misses the Net.
19:37 of 1st period - Keegan Lowe is hit by Cameron Schilling and loses puck.
19:48 of 1st period - Spencer Machacek is hit by Patrick Maroon and loses puck.
Goals for this period are 1 for Senators vs 2 for Demolitions.
Shots for this period are 7 for Senators vs 17 for Demolitions.
2nd period
0:01 of 2nd period - Zemgus Girgensons wins face-off versus Daultan Leveillé in neutral zone.
0:26 of 2nd period - Tomas Jurco is hit by Phil Di Giuseppe and loses puck.
0:37 of 2nd period - Snap shot by Cameron Schilling.
0:37 of 2nd period - Deflect By Phil Di Giuseppe.
0:37 of 2nd period - Shot Misses the Net.
0:37 of 2nd period - Puck is out of play.
0:38 of 2nd period - Daultan Leveillé wins face-off versus Blake Coleman in Senators zone.
0:51 of 2nd period - Wrist shot by Michal Repik.
0:51 of 2nd period - Stopped by Antti Raanta with a rebound.
1:03 of 2nd period - Adam Ollas-Mattsson is hit by Colton Gillies and loses puck.
1:20 of 2nd period - Minor Penalty to Adam Ollas-Mattsson for Diving.
1:21 of 2nd period - Nick Foligno wins face-off versus Daultan Leveillé in Senators zone.
1:57 of 2nd period - Scott Harrington is hit by Lane MacDermid and loses puck.
2:10 of 2nd period - Snap shot by Matt Frattin.
2:10 of 2nd period - Stopped by Antti Raanta without a rebound.
2:11 of 2nd period - Matt Frattin wins face-off versus Spencer Machacek in Demolitions zone.
2:38 of 2nd period - Wrist shot by J.T. Brown.
2:38 of 2nd period - Shot Blocked by Dylan Blujus.
2:52 of 2nd period - Jake Muzzin is hit by Scott Harrington.
2:53 of 2nd period - Icing by Jake Muzzin.
2:54 of 2nd period - Patrick Maroon wins face-off versus Daultan Leveillé in Demolitions zone.
2:55 of 2nd period - Wrist shot by Andy Andreoff.
2:55 of 2nd period - Shot Blocked by Spencer Machacek.
3:05 of 2nd period - Wrist shot by Daultan Leveillé.
3:05 of 2nd period - Stopped by Justin Peters without a rebound.
3:06 of 2nd period - Darren Helm wins face-off versus Nick Foligno in Senators zone.
3:16 of 2nd period - Off-side.
3:17 of 2nd period - Nick Foligno wins face-off versus Daultan Leveillé in neutral zone.
3:20 of 2nd period - Penalty to Adam Ollas-Mattsson is over, Adam Ollas-Mattsson is back on ice.
5:05 of 2nd period - Wrist shot by J.T. Brown.
5:05 of 2nd period - Deflect By Michal Repik.
5:05 of 2nd period - Stopped by Justin Peters without a rebound.
5:06 of 2nd period - Phil McRae wins face-off versus Chandler Stephenson in Senators zone.
5:07 of 2nd period - Slapshot by Jonathan Blum.
5:07 of 2nd period - Shot Misses the Net.
5:21 of 2nd period - Wrist shot by Jan Mursak.
5:21 of 2nd period - Shot Misses the Net.
5:36 of 2nd period - Matt Frattin is hit by Daultan Leveillé and loses puck.
5:59 of 2nd period - Snap shot by Colton Gillies.
5:59 of 2nd period - Stopped by Justin Peters with a rebound.
6:01 of 2nd period - Snap shot by Colton Gillies.
6:01 of 2nd period - Stopped by Justin Peters without a rebound.
6:02 of 2nd period - Colton Gillies wins face-off versus Chandler Stephenson in Senators zone.
6:07 of 2nd period - Slapshot by Colton Gillies.
6:07 of 2nd period - Shot Misses the Net.
6:27 of 2nd period - Zemgus Girgensons is hit by Darren Helm and loses puck.
7:05 of 2nd period - Icing by Michal Repik.
7:06 of 2nd period - Colton Gillies wins face-off versus Blake Coleman in Senators zone.
7:07 of 2nd period - Slapshot by Lane MacDermid.
7:07 of 2nd period - Shot Misses the Net.
7:09 of 2nd period - Snap shot by J.T. Brown.
7:09 of 2nd period - Shot Misses the Net.
7:11 of 2nd period - Slapshot by Jonathan Blum.
7:11 of 2nd period - Stopped by Justin Peters with a rebound.
7:13 of 2nd period - Snap shot by Colton Gillies.
7:13 of 2nd period - Shot Misses the Net.
7:15 of 2nd period - Slapshot by Colton Gillies.
7:15 of 2nd period - Shot Misses the Net.
7:17 of 2nd period - Snap shot by J.T. Brown.
7:17 of 2nd period - Stopped by Justin Peters with a rebound.
7:19 of 2nd period - Slapshot by Jonathan Blum.
7:19 of 2nd period - Shot Blocked by Jack Dougherty.
7:39 of 2nd period - Snap shot by Darren Helm.
7:39 of 2nd period - Shot Misses the Net.
7:41 of 2nd period - Slapshot by Nikita Tryamkin.
7:41 of 2nd period - Stopped by Justin Peters with a rebound.
8:53 of 2nd period - Jared Staal is hit by Matt Frattin and loses puck.
9:22 of 2nd period - Slapshot by J.T. Brown.
9:22 of 2nd period - Shot Blocked by Adam Ollas-Mattsson.
10:01 of 2nd period - Andrej Nestrasil is hit by Jack Dougherty and loses puck.
10:12 of 2nd period - Matt Frattin is hit by Aaron Palushaj and loses puck.
10:23 of 2nd period - Snap shot by Alex Hutchings.
10:23 of 2nd period - Shot Blocked by Matt Frattin.
10:27 of 2nd period - Wrist shot by Alex Hutchings.
10:27 of 2nd period - Stopped by Justin Peters with a rebound.
10:29 of 2nd period - Snap shot by Jared Staal.
10:29 of 2nd period - Stopped by Justin Peters with a rebound.
10:31 of 2nd period - Snap shot by Jared Staal.
10:31 of 2nd period - Shot Misses the Net.
10:33 of 2nd period - Snap shot by Jared Staal.
10:33 of 2nd period - Deflect By Phil McRae.
10:33 of 2nd period - Stopped by Justin Peters without a rebound.
10:34 of 2nd period - Spencer Machacek wins face-off versus Chandler Stephenson in Senators zone.
11:18 of 2nd period - Adam Ollas-Mattsson is hit by Phil Di Giuseppe and loses puck.
11:29 of 2nd period - Patrick Maroon is hit by Aaron Palushaj and loses puck.
11:49 of 2nd period - Icing by Patrick Maroon.
11:50 of 2nd period - Maxim Letunov wins face-off versus Colton Gillies in Senators zone.
11:50 of 2nd period - Maxim Letunov is hit by Colton Gillies.
11:55 of 2nd period - Jack Dougherty is hit by Lane MacDermid.
12:19 of 2nd period - Off-side.
12:20 of 2nd period - Daultan Leveillé wins face-off versus Zemgus Girgensons in neutral zone.
12:35 of 2nd period - Snap shot by Spencer Machacek.
12:35 of 2nd period - Shot Misses the Net.
12:49 of 2nd period - Wrist shot by Jan Mursak.
12:49 of 2nd period - Stopped by Antti Raanta with a rebound.
12:55 of 2nd period - Scott Harrington is hit by Lane MacDermid.
13:53 of 2nd period - Nikita Tryamkin is hit by Dylan Blujus and loses puck.
14:26 of 2nd period - Andrej Nestrasil is hit by Keegan Lowe and loses puck.
14:43 of 2nd period - Snap shot by Jan Mursak.
14:43 of 2nd period - Stopped by Antti Raanta with a rebound.
14:45 of 2nd period - Wrist shot by Chandler Stephenson.
14:45 of 2nd period - Stopped by Antti Raanta without a rebound.
14:46 of 2nd period - Spencer Machacek wins face-off versus Blake Coleman in Demolitions zone.
14:48 of 2nd period - Minor Penalty to Robert Bortuzzo for Roughing.
14:49 of 2nd period - Darren Helm wins face-off versus Zemgus Girgensons in Demolitions zone.
16:40 of 2nd period - Taylor Aronson is hit by Scott Harrington and loses puck.
16:48 of 2nd period - Penalty to Robert Bortuzzo is over, Robert Bortuzzo is back on ice.
17:01 of 2nd period - J.T. Brown is hit by Blake Coleman and loses puck.
17:06 of 2nd period - Wrist shot by Michal Repik.
17:06 of 2nd period - Stopped by Antti Raanta without a rebound.
17:07 of 2nd period - Daultan Leveillé wins face-off versus Blake Coleman in Demolitions zone.
17:55 of 2nd period - Aaron Palushaj is hit by Jack Dougherty and loses puck.
18:14 of 2nd period - Wrist shot by Jan Mursak.
18:14 of 2nd period - Shot Misses the Net.
18:20 of 2nd period - Slapshot by Cameron Schilling.
18:20 of 2nd period - Deflect By Matt Frattin.
18:20 of 2nd period - Stopped by Justin Peters with a rebound.
18:22 of 2nd period - Snap shot by Cameron Schilling.
18:22 of 2nd period - Deflect By Phil McRae.
18:22 of 2nd period - Shot Misses the Net.
18:22 of 2nd period - Puck is out of play.
18:23 of 2nd period - Daultan Leveillé wins face-off versus Zemgus Girgensons in Senators zone.
18:32 of 2nd period - Snap shot by Spencer Machacek.
18:32 of 2nd period - Stopped by Justin Peters without a rebound.
18:33 of 2nd period - Daultan Leveillé wins face-off versus Zemgus Girgensons in Senators zone.
18:34 of 2nd period - Snap shot by Spencer Machacek.
18:34 of 2nd period - Stopped by Justin Peters without a rebound.
18:35 of 2nd period - Daultan Leveillé wins face-off versus Zemgus Girgensons in Senators zone.
18:36 of 2nd period - Snap shot by Spencer Machacek.
18:36 of 2nd period - Stopped by Justin Peters without a rebound.
18:37 of 2nd period - Zemgus Girgensons wins face-off versus Daultan Leveillé in Senators zone.
18:48 of 2nd period - Matt Frattin is hit by Jonathan Blum and loses puck.
19:25 of 2nd period - Snap shot by Andrej Nestrasil.
19:25 of 2nd period - Goal by Andrej Nestrasil - Senators : 1 - Demolitions : 3.
19:26 of 2nd period - Zemgus Girgensons wins face-off versus Daultan Leveillé in neutral zone.
19:41 of 2nd period - Zemgus Girgensons is hit by Spencer Machacek and loses puck.
19:58 of 2nd period - Snap shot by Chandler Stephenson.
19:58 of 2nd period - Shot Blocked by Cameron Schilling.
Goals for this period are 0 for Senators vs 1 for Demolitions.
Shots for this period are 6 for Senators vs 15 for Demolitions.
3rd period
0:01 of 3rd period - Daultan Leveillé wins face-off versus Zemgus Girgensons in neutral zone.
0:45 of 3rd period - Snap shot by Matt Frattin.
0:45 of 3rd period - Deflect By Zemgus Girgensons.
0:45 of 3rd period - Stopped by Antti Raanta without a rebound.
0:46 of 3rd period - Daultan Leveillé wins face-off versus Chandler Stephenson in Demolitions zone.
0:46 of 3rd period - Daultan Leveillé is hit by Chandler Stephenson.
0:47 of 3rd period - Daultan Leveillé from Demolitions is injured at 0:47 of 3rd period (Lacerated Left Calf).
0:48 of 3rd period - Nick Shore wins face-off versus Nick Foligno in Demolitions zone.
0:55 of 3rd period - Snap shot by Darren Helm.
0:55 of 3rd period - Stopped by Justin Peters with a rebound.
0:57 of 3rd period - Wrist shot by Spencer Machacek.
0:57 of 3rd period - Deflect By Darren Helm.
0:57 of 3rd period - Shot Misses the Net.
0:57 of 3rd period - Puck is out of play.
0:58 of 3rd period - Nick Shore wins face-off versus Zemgus Girgensons in Senators zone.
1:51 of 3rd period - Snap shot by Spencer Machacek.
1:51 of 3rd period - Shot Blocked by Keegan Lowe.
1:53 of 3rd period - Slapshot by Jonathan Blum.
1:53 of 3rd period - Shot Blocked by Zemgus Girgensons.
1:55 of 3rd period - Slapshot by Darren Helm.
1:55 of 3rd period - Goal by Darren Helm - Senators : 1 - Demolitions : 4.
1:56 of 3rd period - Chandler Stephenson wins face-off versus Colton Gillies in neutral zone.
2:07 of 3rd period - Slapshot by Jan Mursak.
2:07 of 3rd period - Goal by Jan Mursak - Senators : 2 - Demolitions : 4.
2:08 of 3rd period - Nick Shore wins face-off versus Chandler Stephenson in neutral zone.
2:35 of 3rd period - J.T. Brown is hit by Nick Foligno and loses puck.
2:41 of 3rd period - Off-side.
2:42 of 3rd period - Nick Shore wins face-off versus Zemgus Girgensons in neutral zone.
2:46 of 3rd period - Cameron Schilling is hit by Dylan Blujus.
2:56 of 3rd period - Snap shot by Nick Foligno.
2:56 of 3rd period - Shot Misses the Net.
2:58 of 3rd period - Slapshot by Jack Dougherty.
2:58 of 3rd period - Shot Blocked by Jonathan Blum.
3:58 of 3rd period - Minor Penalty to Patrick Maroon for Tripping.
3:59 of 3rd period - Nick Foligno wins face-off versus Nick Shore in Senators zone.
4:15 of 3rd period - Icing by Spencer Machacek.
4:16 of 3rd period - Nick Foligno wins face-off versus Nick Shore in Demolitions zone.
4:17 of 3rd period - Snap shot by Jan Mursak.
4:17 of 3rd period - Shot Misses the Net.
4:43 of 3rd period - Minor Penalty to Nick Shore for Holding Stick.
4:44 of 3rd period - Nick Foligno wins face-off versus Darren Helm in Demolitions zone.
4:45 of 3rd period - Snap shot by Jan Mursak.
4:45 of 3rd period - Shot Misses the Net.
4:47 of 3rd period - Wrist shot by Jan Mursak.
4:47 of 3rd period - Shot Misses the Net.
4:53 of 3rd period - Snap shot by Spencer Machacek.
4:53 of 3rd period - Stopped by Justin Peters with a rebound.
5:03 of 3rd period - Jonathan Blum is hit by Nick Foligno and loses puck.
5:58 of 3rd period - Penalty to Patrick Maroon is over, Patrick Maroon is back on ice.
6:43 of 3rd period - Penalty to Nick Shore is over, Nick Shore is back on ice.
6:44 of 3rd period - Darren Helm is hit by Jack Dougherty and loses puck.
7:10 of 3rd period - Lane MacDermid is hit by Andy Andreoff.
7:40 of 3rd period - Jan Mursak is hit by Taylor Aronson and loses puck.
8:35 of 3rd period - Off-side.
8:36 of 3rd period - Andrej Nestrasil wins face-off versus Chandler Stephenson in neutral zone.
8:39 of 3rd period - Slapshot by Phil Di Giuseppe.
8:39 of 3rd period - Shot Misses the Net.
8:45 of 3rd period - Slapshot by Scott Harrington.
8:45 of 3rd period - Deflect By Tomas Jurco.
8:45 of 3rd period - Stopped by Antti Raanta with a rebound.
8:47 of 3rd period - Slapshot by Keegan Lowe.
8:47 of 3rd period - Shot Misses the Net.
8:49 of 3rd period - Slapshot by Keegan Lowe.
8:49 of 3rd period - Deflect By Andrej Nestrasil.
8:49 of 3rd period - Stopped by Antti Raanta with a rebound.
8:51 of 3rd period - Slapshot by Scott Harrington.
8:51 of 3rd period - Shot Misses the Net.
8:57 of 3rd period - Minor Penalty to Robert Bortuzzo for Tripping.
8:58 of 3rd period - Darren Helm wins face-off versus Zemgus Girgensons in Demolitions zone.
8:58 of 3rd period - Darren Helm is hit by Zemgus Girgensons.
9:08 of 3rd period - Slapshot by Matt Frattin.
9:08 of 3rd period - Deflect By Zemgus Girgensons.
9:08 of 3rd period - Stopped by Antti Raanta without a rebound.
9:09 of 3rd period - Spencer Machacek wins face-off versus Zemgus Girgensons in Demolitions zone.
10:04 of 3rd period - Off-side.
10:05 of 3rd period - Andrej Nestrasil wins face-off versus Zemgus Girgensons in neutral zone.
10:57 of 3rd period - Penalty to Robert Bortuzzo is over, Robert Bortuzzo is back on ice.
11:51 of 3rd period - Icing by Robert Bortuzzo.
11:52 of 3rd period - Zemgus Girgensons wins face-off versus Andrej Nestrasil in Demolitions zone.
12:05 of 3rd period - Slapshot by Nick Foligno.
12:05 of 3rd period - Stopped by Antti Raanta without a rebound.
12:06 of 3rd period - Spencer Machacek wins face-off versus Chandler Stephenson in Demolitions zone.
12:31 of 3rd period - Cameron Schilling is hit by Zemgus Girgensons.
12:41 of 3rd period - Wrist shot by Nick Foligno.
12:41 of 3rd period - Shot Misses the Net.
12:43 of 3rd period - Snap shot by Mason Geertsen.
12:43 of 3rd period - Stopped by Antti Raanta with a rebound.
12:59 of 3rd period - Slapshot by Andy Andreoff.
12:59 of 3rd period - Goal by Andy Andreoff - Senators : 3 - Demolitions : 4.
13:00 of 3rd period - Nick Shore wins face-off versus Zemgus Girgensons in neutral zone.
13:52 of 3rd period - Cameron Schilling is hit by Michal Repik and loses puck.
15:06 of 3rd period - Jake Muzzin is hit by Chandler Stephenson and loses puck.
15:21 of 3rd period - Snap shot by Darren Helm.
15:21 of 3rd period - Deflect By Spencer Machacek.
15:21 of 3rd period - Stopped by Justin Peters with a rebound.
15:29 of 3rd period - Minor Penalty to Jack Dougherty for Roughing.
15:30 of 3rd period - Nick Shore wins face-off versus Nick Foligno in Senators zone.
15:33 of 3rd period - Wrist shot by Spencer Machacek.
15:33 of 3rd period - Stopped by Justin Peters with a rebound.
15:35 of 3rd period - Backhand shot by Jonathan Blum.
15:35 of 3rd period - Deflect By Nick Shore.
15:35 of 3rd period - Stopped by Justin Peters without a rebound.
15:36 of 3rd period - Spencer Machacek wins face-off versus Nick Foligno in Senators zone.
15:45 of 3rd period - Snap shot by Nick Shore.
15:45 of 3rd period - Shot Blocked by Jan Mursak.
17:29 of 3rd period - Penalty to Jack Dougherty is over, Jack Dougherty is back on ice.
17:50 of 3rd period - Minor Penalty to Nick Foligno for Tripping.
17:51 of 3rd period - Nick Shore wins face-off versus Patrick Maroon in Senators zone.
18:18 of 3rd period - Keegan Lowe is hit by Colton Gillies and loses puck.
19:31 of 3rd period - Snap shot by Aaron Palushaj.
19:31 of 3rd period - Stopped by Justin Peters without a rebound.
19:32 of 3rd period - Mario Lemieux call a timeout for Senators.
19:32 of 3rd period - Darren Helm wins face-off versus Zemgus Girgensons in Senators zone.
19:43 of 3rd period - Snap shot by Jonathan Blum.
19:43 of 3rd period - Shot Blocked by Keegan Lowe.
19:45 of 3rd period - Slapshot by Jonathan Blum.
19:45 of 3rd period - Shot Blocked by Scott Harrington.
19:47 of 3rd period - Wrist shot by Spencer Machacek.
19:47 of 3rd period - Goal by Spencer Machacek - Senators : 3 - Demolitions : 5.
19:48 of 3rd period - Blake Coleman wins face-off versus Colton Gillies in neutral zone.
Goals for this period are 2 for Senators vs 2 for Demolitions.
Shots for this period are 8 for Senators vs 8 for Demolitions.
Back to the Top